Cogmind - Beta 15 @@@ ROGUE MODE // 2025.06.01 @ 20:57:58 Player: Nisakard Result: Destroyed by G-34 Mercenary with Small Laser Performance ------------- Evolutions (0) 0 Regions Visited (4) 800 Robots Destroyed (43) 215 Value Destroyed (802) 802 Prototype IDs (24) 480 Alien Tech Used (0) 0 Bonus (508) 508 TOTAL SCORE: 2805 Bonus ------- Follower Combat Kills 208 Aligned with FarCom 300 Cogmind --------- Core Integrity 0/250 Matter 139/300 Energy 265/265 System Corruption 4% Temperature Cool (6) Movement Rolling (125) Ox3 Location -9/Mines Parts ------- > --- POWER (1) -------- Reinforced Ion Engine (fused) > --- PROPULSION (2) --- Wheel Wheel > --- UTILITY (2) ------ High-capacity Storage Unit Improved Medium Armor Plating > --- WEAPON (2) ------- Mining Claw Longsword +1 > --- INVENTORY (20) --- Reinforced Ion Engine Reinforced Ion Engine Wheel Wheel Scrap Suit Visual Processing Unit Experimental Sensor Array Improved Terrain Scanner Terrain Scan Processor Propulsion Shielding Utility Shielding Light Armor Plating Heavy Assault Rifle Grenade Launcher Grenade Launcher Remote Datajack Mining Laser Blade Trap Peak State ------------ > --- POWER ------------ Reinforced Ion Engine > --- PROPULSION ------- Wheel Wheel > --- UTILITY ---------- High-capacity Storage Unit Improved Medium Armor Plating > --- WEAPON ----------- Mining Claw Longsword +1 > --- INVENTORY -------- Reinforced Ion Engine Reinforced Ion Engine Wheel Wheel Wheel Scrap Suit Visual Processing Unit Experimental Sensor Array Improved Terrain Scanner Terrain Scan Processor Propulsion Shielding Utility Shielding Light Armor Plating Heavy Assault Rifle Grenade Launcher Grenade Launcher Mining Laser Blade Trap [Rating: 22] Favorites ----------- Power Reinforced Ion Engine Engine Reinforced Ion Engine Power Core Light Nuclear Core Propulsion Wheel Wheel Wheel Utility High-capacity Storage Unit Device Sensor Array Storage High-capacity Storage Unit Protection Light Armor Plating Weapon Heavy Assault Rifle Energy Gun Medium Laser Ballistic Gun Heavy Assault Rifle Launcher Grenade Launcher Special Weapon Mining Laser Slashing Weapon Longsword +1 Special Melee Weapon Datajack Build | -11 -10 -10 -10 -9 ------- Run | Yrd Mat Min Exi Min Slots Evolved . | . . . . . Power . | . . . . . Propulsion . | . . . . . Utility . | . . . . . Weapon . | . . . . . Parts Attached 38 | 12 14 6 1 5 Power 8 | 3 4 1 . . Engine 5 | 3 1 1 . . Core 3 | . 3 . . . Reactor . | . . . . . Propulsion 8 | 4 1 2 . 1 Treads . | . . . . . Leg . | . . . . . Wheel 8 | 4 1 2 . 1 Hover . | . . . . . Flight . | . . . . . Utility 10 | 2 4 3 . 1 Device 4 | 1 1 2 . . Storage 2 | 1 1 . . . Processor . | . . . . . Hackware . | . . . . . Protection 4 | . 2 1 . 1 Artifact . | . . . . . Weapon 12 | 3 5 . 1 3 Energy Gun 2 | 2 . . . . Energy Cannon . | . . . . . Ballistic Gun 4 | 1 3 . . . Ballistic Cannon . | . . . . . Launcher 2 | . . . . 2 Special Weapon 1 | . 1 . . . Impact Weapon . | . . . . . Slashing Weapon 2 | . 1 . 1 . Piercing Weapon . | . . . . . Special Melee Weapon 1 | . . . . 1 Unidentified Prototypes 1 | . . 1 . . Parts Lost 5 | . 1 1 . 3 Power . | . . . . . Propulsion 2 | . . 1 . 1 Utility 2 | . 1 . . 1 Weapon 1 | . . . . 1 Highest Loss Streak 2 | . 1 1 . 2 To Critical Strikes . | . . . . . Average Backups 16 | 5 14 19 18 17 Power 1 | . 1 2 2 2 Propulsion 3 | 2 3 2 3 2 Utility 6 | . 4 7 8 8 Weapon 4 | 2 4 6 4 4 Tool/Special . | . . . . . Unused Backups 17 | 3 1 2 . 11 Power 2 | . . . . 2 Propulsion 5 | 3 . . . 2 Utility 6 | . 1 . . 5 Weapon 3 | . . 2 . 1 Tool/Special 1 | . . . . 1 Average Slot Usage (%) 99 | . 99 99 100 96 Engine 10 | . 4 14 14 14 Core 3 | . 9 . . . Wheel 27 | . 27 27 28 24 Device 2 | . 6 . . . Storage 14 | . 14 14 14 14 Protection 11 | . 7 14 14 14 Energy Gun 2 | . 6 . . . Ballistic Gun 20 | . 19 28 23 . Slashing Weapon 4 | . . . 4 20 Peak Build Rating 22 | 9 13 20 20 22 Average Rating 13 | 4 11 13 14 19 On Entrance 11 | . 9 13 14 19 Naked Turns . | . . . . . Heaviest Build 63 | 15 59 59 59 63 Greatest Support 26 | 26 20 20 20 20 Greatest Overweight (x) 6 | 1 2 5 2 6 Average Overweight (x) 1 | . 1 2 2 2 Largest Inventory Capacity 20 | 8 20 20 20 20 Average Capacity 17 | 7 16 20 20 20 Most Carried 20 | 8 20 20 20 20 Average Carried 17 | 6 14 19 19 19 Final Capacity 20 | 8 20 20 20 20 Final Carried 20 | 7 20 20 19 19 Class Distribution -------------------- 98% | Mutant Dominant Class ---------------- Mutant | -10/Materials Mutant | -10/Mines Mutant | -10/Exiles Mutant | -9/Mines Resources | -11 -10 -10 -10 -9 ----------- Run | Yrd Mat Min Exi Min Matter Collected 1345 | 429 538 307 24 47 Remotely . | . . . . . Salvage Created 1235 | 199 717 242 . 77 Parts 84 | 21 40 22 . 1 Haulers Intercepted 2 | . 2 . . . Recyclers Shooed 4 | 1 2 1 . . Parts Field Recycled . | . . . . . Retrieved Matter . | . . . . . Parts Self-Destructed . | . . . . . Prevented . | . . . . . Kills | -11 -10 -10 -10 -9 ------- Run | Yrd Mat Min Exi Min Combat Hostiles Destroyed 22 | . 12 7 . 3 Melee 1 | . . . . 1 Guns 19 | . 12 7 . . AOE 2 | . . . . 2 Classes Destroyed 10 | 3 6 . . 1 Worker 3 | 2 . 1 . . Builder 2 | . 1 1 . . Tunneler 8 | 6 . 2 . . Hauler 2 | . 2 . . . Recycler 2 | 1 1 . . . Operator 1 | . 1 . . . Watcher 3 | . 3 . . . Swarmer 8 | . 3 5 . . Grunt 12 | . 9 2 . 1 Sentry 2 | . . . . 2 Best Kill Streak 3 | 2 2 3 . 2 Combat Bots Only 3 | . 2 3 . 2 Max Kills in Single Turn 2 | 1 1 2 . 1 Gunslinging 1 | . . 1 . . Exploded 1 | . . . . 1 Melee 1 | . . . . 1 Uniques/NPCs Destroyed . | . . . . . Combat | -11 -10 -10 -10 -9 -------- Run | Yrd Mat Min Exi Min Hostile Shots Fired 130 | . 77 35 . 18 Missed 38 | . 21 11 . 6 Hits 92 | . 56 24 . 12 Projectile 92 | . 56 24 . 12 AOE 1 | . . . . 1 Critical Strikes 1 | . 1 . . . Damage Taken 1200 | . 623 282 . 295 Core 251 | . 157 40 . 54 Absorbed by Shields . | . . . . . Regen/Repaired (Parts) 34 | . 34 . . . Core Remaining (%) 100 | 100 . . . . Volleys Fired 178 | 52 90 31 . 5 Largest 2 | 1 2 2 . 2 Hottest 120 | 50 120 46 . 60 Shots Fired 293 | 52 168 63 . 10 Gun 271 | 52 156 63 . . Cannon . | . . . . . Launcher 10 | . . . . 10 Special 12 | . 12 . . . Kinetic 201 | 29 109 63 . . Thermal 82 | 23 59 . . . Explosive 10 | . . . . 10 Electromagnetic . | . . . . . Robot Hit Streak 10 | 6 10 8 . 8 Robot Miss Streak 5 | 5 4 5 . . Penetration Max . | . . . . . Secondary Targets 1 | . . 1 . . Max Gunslinging Chain 1 | . . 1 . . Shots Hit Robots 168 | 25 96 40 . 7 Core Hits 64 | 10 34 13 . 7 Critical Kills . | . . . . . Critical Parts Destroyed . | . . . . . Critical Strikes 6 | 2 3 . . 1 Burn 5 | 2 3 . . . Sever 1 | . . . . 1 Melee Attacks 9 | . 3 . . 6 Impact . | . . . . . Slashing 9 | . 3 . . 6 Piercing . | . . . . . Sneak Attacks . | . . . . . Combat Hostiles . | . . . . . Follow-up Attacks . | . . . . . Damage Inflicted 2578 | 305 1310 634 . 329 Guns 2213 | 305 1286 622 . . Cannons . | . . . . . Explosions 169 | . . . . 169 Melee 160 | . . . . 160 Ramming 12 | . . 12 . . Kinetic 1680 | 144 914 622 . . Thermal 557 | 161 396 . . . Explosive 169 | . . . . 169 Electromagnetic . | . . . . . Impact . | . . . . . Slashing 160 | . . . . 160 Piercing . | . . . . . Highest Corruption 4 | . 3 3 3 4 Average Corruption 3 | . 2 3 3 3 Corruption Purged . | . . . . . Corruption Blocked . | . . . . . Effects 60 | . 13 21 12 14 Message Errors 16 | . 3 6 3 4 Matter Fused 14 | . 3 5 4 2 Heat Flow Errors 7 | . 1 3 1 2 Energy Discharges 7 | . 2 1 1 3 Parts Fused 1 | . . . . 1 Data Loss (minor) 9 | . 1 4 3 1 Data Loss (major) 2 | . 2 . . . Misfires 1 | . . 1 . . Alerts 2 | . . 1 . 1 Weapon Failures 1 | . 1 . . . Overload Shots . | . . . . . Overflow Damage . | . . . . . Projectiles . | . . . . . Explosions . | . . . . . Melee . | . . . . . Knockbacks . | . . . . . Impact . | . . . . . Kinetic . | . . . . . Secondary . | . . . . . Self-Inflicted Damage 6 | . . 6 . . Shots . | . . . . . Rammed 2 | . . 2 . . Targets Rammed 2 | . . 2 . . Kicked . | . . . . . Crushed . | . . . . . Highest Temperature 351 | 50 351 274 117 198 Average Temperature 65 | 22 76 53 65 85 Received Heat Transfer 489 | . 306 111 . 72 Effects 2 | . 2 . . . Energy Bleed 1 | . 1 . . . Damage (minor) 1 | . 1 . . . Siege Activations . | . . . . . Martial Activations . | . . . . . Shielding Activations . | . . . . . Robots Disrupted . | . . . . . Combat Hostiles . | . . . . . Robots Corrupted . | . . . . . Combat Hostiles . | . . . . . Parts Fried . | . . . . . Impact Corruptions . | . . . . . Robots Melted . | . . . . . Combat Hostiles . | . . . . . Parts Melted 3 | . 3 . . . Heat Transferred 2011 | 629 1382 . . . Parts Sabotaged . | . . . . . Parts Stolen . | . . . . . Parts Stripped . | . . . . . Power Chain Reactions . | . . . . . Alert | -11 -10 -10 -10 -9 ------- Run | Yrd Mat Min Exi Min Maximum Alert Level . | . . . . . Low Security (%) 100 | 100 100 100 . 100 Level 1 . | . . . . . Level 2 . | . . . . . Level 3 . | . . . . . Level 4 . | . . . . . Level 5 . | . . . . . High Security . | . . . . . Max Security . | . . . . . Peak Influence 130 | 10 96 130 . 55 Initial . | . . . . . Average 36 | 1 31 64 . 7 Influence Increases 1094 | 45 435 511 . 103 Destroy 0b10 Robot/C 640 | . 240 340 . 60 Destroy 0b10 Robot/NC 105 | 45 40 20 . . Destroy Leader 150 | . 70 70 . 10 Allied During Kill 36 | . . 36 . . Successful Hack 24 | . 24 . . . Disable Machine 15 | . 15 . . . Destroy Structure 49 | . 16 . . 33 Partial Spotted 15 | . 15 . . . Lose Combat Pursuer 60 | . 15 45 . . Influence Decreases 1072 | 45 435 452 59 81 Entered New Map 59 | . . . 59 . Time Decay 840 | 45 382 342 . 71 Lost Part 30 | . 10 10 . 10 Lost Ally 100 | . . 100 . . Purge Threat 43 | . 43 . . . Squads Dispatched 2 | . 2 . . . Investigation 1 | . 1 . . . Extermination . | . . . . . Reinforcement 1 | . 1 . . . Assault . | . . . . . Garrison . | . . . . . Intercept . | . . . . . Searches Triggered . | . . . . . Construction Impeded . | . . . . . Haulers Reinforced . | . . . . . Active Scanning Responses . | . . . . . Cargo Convoy Interrupts . | . . . . . Stealth | -11 -10 -10 -10 -9 --------- Run | Yrd Mat Min Exi Min Distress Signals . | . . . . . Communications Jammed . | . . . . . Distress Signals . | . . . . . Times Spotted 39 | . 19 15 . 5 Peak Tracking Total 3 | . 3 3 . 3 Tactical Retreats 4 | . 1 3 . . Traps | -11 -10 -10 -10 -9 ------- Run | Yrd Mat Min Exi Min Traps Triggered 5 | . 3 . . 2 Indirectly . | . . . . . Trap Hack Attempts . | . . . . . Triggered . | . . . . . Disarmed . | . . . . . Reprogrammed . | . . . . . Reused . | . . . . . Traps Extracted . | . . . . . Installed . | . . . . . Triggered . | . . . . . Most Traps Carried 1 | . . . . 1 Machines | -11 -10 -10 -10 -9 ---------- Run | Yrd Mat Min Exi Min Machines Disabled 3 | . 1 . . 2 Max in Single Turn 2 | . 1 . . 2 Machines Repaired . | . . . . . Machines Dismantled . | . . . . . Machines Sabotaged . | . . . . . Overloaded Fab Kills . | . . . . . Hacking | -11 -10 -10 -10 -9 --------- Run | Yrd Mat Min Exi Min Machines Accessed 12 | . 10 . 1 1 Terminals 7 | . 7 . . . Fabricators . | . . . . . Repair Stations 1 | . 1 . . . Recycling Units 2 | . 2 . . . Scanalyzers . | . . . . . Garrison Access . | . . . . . Total Hacks 33 | . 31 . 1 1 Successful 20 | . 18 . 1 1 Failed 13 | . 13 . . . Catastrophic 5 | . 5 . . . Database Lockouts . | . . . . . Manual 18 | . 17 . 1 . Terminals 16 | . 16 . . . Fabricators . | . . . . . Repair Stations 9 | . 9 . . . Recycling Units 6 | . 6 . . . Scanalyzers . | . . . . . Garrison Access . | . . . . . Terminal Hacks 7 | . 5 . 1 1 Open Door 1 | . . . . 1 Branch Access Points 1 | . 1 . . . Alert Level 1 | . 1 . . . Unreport Threat 2 | . 2 . . . Zone Layout 1 | . 1 . . . Proto ID Catalog 1 | . . . 1 . Fabricator Hacks . | . . . . . Repair Station Hacks 7 | . 7 . . . Scan Component 4 | . 4 . . . Repair 2 | . 2 . . . Refit 1 | . 1 . . . Recycling Unit Hacks 3 | . 3 . . . Report Inventory 2 | . 2 . . . Retrieve Matter 1 | . 1 . . . Scanalyzer . | . . . . . Garrison Access Hacks . | . . . . . Unauthorized Hacks 3 | . 3 . . . Terminals 1 | . 1 . . . Operators 1 | . 1 . . . Fabricators . | . . . . . Repair Stations . | . . . . . Recycling Units 2 | . 2 . . . Monitor 1 | . 1 . . . Recyclers 1 | . 1 . . . Scanalyzers . | . . . . . Garrison Access . | . . . . . Data Cores Recovered . | . . . . . Used . | . . . . . Hacking Detections 10 | . 10 . . . Full Trace Events 1 | . 1 . . . Feedback Events . | . . . . . Feedback Blocked . | . . . . . Robot Schematics Acquired . | . . . . . Robots Built . | . . . . . Authchips . | . . . . . Time . | . . . . . Total Robot Build Rating . | . . . . . Part Schematics Acquired . | . . . . . Parts Built . | . . . . . Authchips . | . . . . . Time . | . . . . . Total Part Build Rating . | . . . . . Parts Repaired 2 | . 2 . . . Time 74 | . 74 . . . Parts Recycled . | . . . . . Recycled Matter . | . . . . . Retrieved Matter 258 | . 258 . . . Retrieved Components . | . . . . . Parts Scanalyzed . | . . . . . Part Schematics Acquired . | . . . . . Parts Damaged . | . . . . . Bothacking | -11 -10 -10 -10 -9 ------------ Run | Yrd Mat Min Exi Min Used RIF Installer . | . . . . . Robots Hacked . | . . . . . Non-combat . | . . . . . Combat . | . . . . . Robot Hacks Applied . | . . . . . Relay Couplers Released . | . . . . . Fabnet Peak Effective % . | . . . . . Robots Rewired . | . . . . . Allies Hacked . | . . . . . Hacks Repelled . | . . . . . Allies | -11 -10 -10 -10 -9 -------- Run | Yrd Mat Min Exi Min Total Allies 5 | . . 5 . . Largest Group 5 | . . 5 . . Highest-Rated Group 86 | . . 86 . . Highest-Rated Ally 31 | . . 31 . . Total Orders 3 | . . 3 . . GUARD 2 | . . 2 . . AID 1 | . . 1 . . Ally Attacks 49 | . . 49 . . Total Damage 584 | . . 584 . . Kills 10 | . . 10 . . Allies Corrupted . | . . . . . Allies Melted . | . . . . . Intel | -11 -10 -10 -10 -9 ------- Run | Yrd Mat Min Exi Min Active Infowar (turns) 679 | 21 657 1 . . Sensors 453 | . 452 1 . . Terrain 226 | 21 205 . . . Robot Analysis Total . | . . . . . Derelict Logs Recovered 2 | . . 1 . 1 Drone Launches . | . . . . . Drone Recoveries . | . . . . . Exploration | -11 -10 -10 -10 -9 ------------- Run | Yrd Mat Min Exi Min Turns Passed 4462 | 278 1446 1342 755 641 Spaces Moved 3009 | 162 952 954 678 263 Core 1 | 1 . . . . Treads . | . . . . . Legs . | . . . . . Wheels 3008 | 161 952 954 678 263 Hover . | . . . . . Flight . | . . . . . Fastest Speed 50 | 50 80 110 110 110 Average Speed 106 | 85 100 110 110 123 Slowest Speed 170 | 100 110 155 110 170 Overloaded Moves . | . . . . . Propulsion Burnouts . | . . . . . Robots Hopped . | . . . . . Potential Cave-ins . | . . . . . Cave-ins Triggered . | . . . . . Exploration Rate (%) 70 | 6 100 98 94 53 Regions Visited 4 Branch Regions 3 Pre-discovered Areas 1 | . . 1 . . Known Exits Taken 1 | . 1 . . . Unknown Exits Taken 3 | 1 . 1 1 . Scrap Searched 4 | . . 3 . 1 Spaces Dug 31 | . 13 . . 18 Terrain Destroyed 56 | . 13 . . 43 Melee 2 | . 2 . . . Projectile 11 | . 11 . . . AOE 43 | . . . . 43 Terrain Rammed . | . . . . . Walls Destroyed . | . . . . . Machines Disabled . | . . . . . Actions | -11 -10 -10 -10 -9 --------- Run | Yrd Mat Min Exi Min Total 3917 | 247 1243 1180 686 561 Wait 611 | . 151 177 6 277 Move 3005 | 161 951 953 677 263 Hop . | . . . . . Pick Up 34 | 10 18 4 . 2 Fast Attach 11 | 9 1 . . 1 Attach 4 | 1 . 1 . 2 Detach 1 | 1 . . . . Swap 39 | 6 18 8 2 5 Drop 23 | 7 11 4 1 . Fire 178 | 52 90 31 . 5 Melee 9 | . 3 . . 6 Ram 2 | . . 2 . . Kick . | . . . . . Crush . | . . . . . Escape Stasis . | . . . . . Rewire . | . . . . . Trap . | . . . . . Miscellaneous . | . . . . . Route ------- -11/Scrapyard -10/Materials (discovered 5 exits: [*Mat x3] / *Min / [*Sub]) -10/Mines (discovered 4 exits: [*Mat x2] / *Exi / [*Sub]) -10/Exiles (discovered 2 exits: *Min x2) -9/Mines (discovered 2 exits: [*Mat x2]) History --------- Turn | Location | Event 10 | -11/Scrapyard | Discovered new exit (range 15) 279 | -11/Scrapyard | Entered Materials 305 | -10/Materials | Build established: Mutant 313 | -10/Materials | Identified exit to Mines 369 | -10/Materials | Discovered new exit (range 4) 790 | -10/Materials | Discovered new exit (range 11) 936 | -10/Materials | Discovered new exit (range 13) 1015 | -10/Materials | Core integrity fell below 50% 1046 | -10/Materials | Repaired Lgt. Nuclear Core 1082 | -10/Materials | Repaired Broken Wheel 1329 | -10/Materials | Discovered new exit (range 15) 1725 | -10/Materials | Entered Mines 1747 | -10/Mines | Assisted by bots powering up and referring to "LRC-V3" 1786 | -10/Mines | Deemed a non-threat by the Exiles lab entrance 1786 | -10/Mines | Discovered new exit (range 5) 2156 | -10/Mines | Found a damaged Exp. Sensor Array with a note attached 2160 | -10/Mines | Found Prototype Device 2161 | -10/Mines | Identified Exp. Sensor Array 2210 | -10/Mines | Found a Scrap Suit stashed away for nefarious purposes 2214 | -10/Mines | Found Scrap Suit 2363 | -10/Mines | Lost 4 allies 2412 | -10/Mines | Discovered new exit (range 5) 2444 | -10/Mines | Learned location of Zion (-7) 2658 | -10/Mines | Discovered new exit (range 9) 2835 | -10/Mines | Discovered new exit (range 8) 3067 | -10/Mines | Entered Exiles 3084 | -10/Exiles | Discovered new exit (range 14) 3119 | -10/Exiles | Met 8R-AWN 3141 | -10/Exiles | Met EX-HEX 3179 | -10/Exiles | Met EX-BIN 3194 | -10/Exiles | Aligned with FarCom system 3195 | -10/Exiles | Given EX-Vault access code 3290 | -10/Exiles | Met EX-DEC 3397 | -10/Exiles | Discovered new exit (range 11) 3475 | -10/Exiles | Visited The Gauntlet 3694 | -10/Exiles | Opened EX-Vault 3703 | -10/Exiles | Found Longsword +1 3732 | -10/Exiles | Warned to stay clear of 0b10 Research branches 3822 | -10/Exiles | Left Exiles lab with Longsword +1 3822 | -10/Exiles | Entered Mines 3967 | -9/Mines | Found a hidden stash of uninstalled traps 4001 | -9/Mines | Met a Derelict who couldn't figure out how to use a Trap Extractor 4097 | -9/Mines | Core integrity fell below 20% 4172 | -9/Mines | Discovered new exit (range 8) 4194 | -9/Mines | Learned Materials emergency access door positions 4258 | -9/Mines | Discovered new exit (range 8) 4327 | -9/Mines | Joined a pair of Derelicts in attacking an 0b10 outpost 4463 | -9/Mines | Destroyed by G-34 Mercenary with Small Laser Last Messages --------------- 04297_ Wheel destroyed. 04299_ Y-45 Defender destroyed. 04306_ The unstable cave ceiling collapses. 04324_ OY92GGJQZGBU 7DIK|3=O>Z&0 AJIGN 04327_ A derelict emerges from the shadows: "We've had our eye on this brand new outpost for a little while, just waiting for an opportunity to strike. Need some help?" 04339_ The unstable cave ceiling collapses. 04375_ System corrupted: Energy discharge (-98). 04379_ The unstable cave ceiling collapses. 04413_ System corrupted: IFF burst signal emitted. 04422_ U-05 Engineer builds a Wall. 04431_ U-05 Engineer builds a Door. 04433_ The unstable cave ceiling collapses. 04441_ U-05 Engineer lays Concrete. 04445_ System corrupted: Matter fused (-6). 04451_ G-47 Trooper destroyed. 04458_ G-34 Mercenary Aluminum Leg severed. Map ----- +----------------------------------------------------+ | ?????????????????????????????????????????????????? | | ?????????????????????????????????????????????????? | | ##?###???????????????????????????????????????????? | | ## ##??????????????????????????????????????????? | | ##????????????????#####????????????????????? | | #?????????????###"" ##???????????????????? | | # #??????########"" #########???????????? | | # ##??????# ???????????? | | # ##???????# ??????????????? | | # ########### ####" "###????????????????? | | #?# #??## ##?????????????????? | | ##?# #??#" < #?????????????????? | | #??# ############# #?????????????????? | | # #??# #????????### #?????????????????? | | ## ##?# #????????# # ## #??????????? | | ?# ### #????????# ### ###### #??????????? | | ## ##???????# # # ###??????????????????? | | # #??????## # #????????????????????? | | # #??????# ##### ### #????????????????????? | | ## #??????## # # # ## #?????????????????? | | ?# ##???????# #?????????????????? | | ?# #????????# k! ] ####??????????????????? | | ?# ##???????# g #?????????????????????? | | ?# #???????### //### #?????????????????????? | | ?## ##?????###g #g#?????????????????????? | | ??## ####### @*##????????????????????? | | ??## < ##???????????????????? | | ??# #???????????????????? | | ??# ######### tk #??????????????????? | | ??## # ## #??????????????????? | | ???### # #?## ##??????????????????? | | ?????# # ##### #??## ##???????????????????? | | ?????# # #???## ##???#####????????????????????? | | ?????# #????# #?????????????????????????????? | | ?????# #????# #?????????????????????????????? | | ?????#######????# #?????????????????????????????? | | ????????????????# #?????????????????????????????? | | ?????????????#### #?????????????????????????????? | | ????????????## ###??????????????????##???????? | | ???????????## #####????????????? ????????? | | ???????????# #???????????? #?????????? | | ???????????######### #?????????? #?????????? | | ???????????????????## #????????? #?????????? | | ??????????##????????## ######### #?????????? | | ?????????## ########## !=] #?????????? | | ?????????# ] ## [ #??????????? | | ?????????# ! = ########### ##??????????? | | ??????????# = ##????????????????????????? | | ?????????## !! ##?????????????????????????? | | ?????????# #??????????????????????????? | +----------------------------------------------------+ Best States ------------- Heat Dissipation 25 Energy Generation 14 Energy Capacity 265 Matter Stores 300 Matter Capacity 300 Sight Range 16 Robot Scan Range 14 Terrain Scan Range 16 Terrain Scan Density 10 Armor Coverage 225 Evasion (%) 44 Item Schematics ----------------- None Robot Schematics ------------------ None Fabricated ------------ Nothing Repaired ---------- Wheel | 15% | -10/Materials | Broken Alien Tech Used ----------------- None Achievements -------------- None Challenges ------------ None Game ------ Seed CobblerCorruptionDetonator Manual? 0 Play Time 00:31:32 Cumulative 8.0 hours Start 2025.06.01 @ 20:19:42 End 2025.06.01 @ 20:57:58 Sessions 1 Manual Loads 0 Difficulty Rogue Special Mode None Game No. 13 Rogue 13 Adventurer 0 Explorer 0 Win Type - Total 0 Types 0/0/0/0/0/0/0/0/0/0 Lore% 24 Gallery% 12 Achievement% 23 Wizard Run 0 Options --------- Layout 1 ASCII 0 Keyboard 0 Movement Numpad Keybinds 0 Fullscreen 2 Font 24/Smallcaps Map View 50x35 Zoom Use 0% Tactical HUD 1 Map Filters NONE Filters NONE Steam 1 RUN: e9a0c689-b337-428a-8c2a-37b56bca0eff